[Event "73rd Greek Championship 2024"]
[Site "Thessaloniki"]
[Date "2024.12.04"]
[Round "3.1"]
[White "Mitsis, Georgios"]
[Black "Patrelakis, Evaggelos"]
[Result "1-0"]
[Annotator "TA"]
[ECO "E12"]
[WhiteElo "2383"]
[BlackElo "2437"]
[PlyCount "227"]
[EventDate "2024.12.02"]
[EventType "tourn"]
[EventCountry "GRE"]
[SourceTitle "playchess.com"]
[Source "ChessBase"]
[SourceQuality "1"]
[TimeControl "40/5400+30:1800+30"]

1. d4 Nf6 2. Nf3 e6 3. c4 b6 4. a3 Bb7 5. Nc3 d5 6. cxd5 Nxd5 7. e3 Be7 8. Bd3 Nxc3 9. bxc3 O-O 10. O-O c5 11. e4 Nd7 12. Qe2 Qc7 13. a4 Rac8 14. Bd2 Rfd8 15. Rfe1 e5 16. Rac1 c4 17. Bc2 Re8 18. d5 Ba6 19. Rb1 Rb8 20. h4 Nc5 21. h5 h6 22. Be3 Nd3 23. Rf1 Bc5 24. Nh4 Nf4 25. Qf3 Bc8 26. Bxc5 Qxc5 27. g3 Nh3+ 28. Kh2 Ng5 29. Qe2 Bd7 30. Rb4 Rbc8 31. Rfb1 Bg4 32. f3 Bxh5 33. g4 Bg6 34. Kg3 Red8 35. Ng2 Qe7 36. Rh1 Qf6 37. Bd1 a6 38. Qe3 b5 39. axb5 axb5 40. Rxb5 Rb8 41. Rxb8 Rxb8 42. Be2 Ra8 43. Bxc4 Ra3 44. Be2 Qd6 45. Rd1 Nh7 46. Rd3 Ra4 47. Bd1 Ra5 48. c4 Nf6 49. Rc3 Nd7 50. Ne1 Qb4 51. Nc2 Qb1 52. Be2 Ra2 53. Bd3 Qb2 54. Be2 Qb1 55. Bd3 Qb2 56. Bf1 Nc5 57. Ra3 Rxa3 58. Nxa3 Nb3 59. Nb5 Nd2 60. Be2 h5 61. gxh5 f5 62. exf5 Bxf5 63. Qc3 Qb1 64. Qxe5 Qg1+ 65. Kf4 Bd7 66. Qd4 $2 (66. Qb8+ $18 Kf7 67. Nd6+ Ke7 68. Nf5+ Kf7 69. Qc7 Qh2+) 66... Qe1 $2 (66... Qh2+ $1 $11 67. Ke3 Nb3) 67. Nc3 Nb3 {[%emt 0:00:39] [#]} 68. Qe5 $1 Qc1+ 69. Qe3 Qe1 70. Ke5 Qg3+ 71. Ke4 Qh4+ 72. Kd3 Qe1 $2 (72... Bf5+ 73. Ne4 Qe1) 73. Kc2 $18 Na5 74. Qc1 $2 (74. Qg5 $18 {has better winning chances. Strongly threatening Qd8+.} Ba4+ 75. Kb2 Nxc4+ 76. Bxc4 Qf2+ 77. Ne2 Qb6+ 78. Kc3) 74... Bf5+ $16 75. Kb2 Qf2 76. Ka3 ({Much weaker is} 76. Qf4 $6 Bd3 77. Qc7 (77. Qb8+ Kh7 $11) 77... Nxc4+ 78. Kb3 Bxe2 $11 (78... Nd2+ 79. Ka3 $11)) 76... Qc5+ (76... Qa7 $142 77. Kb4 Nb7) 77. Ka2 $18 Nxc4 $2 {[%emt 0:00:37] [#]} (77... Nb7 78. Nb5 Qb6) 78. Na4 $1 $18 Bb1+ 79. Kxb1 (79. Qxb1 $2 Qa3#) 79... Na3+ 80. Kb2 Qb4+ 81. Ka2 Nb1 82. Qxb1 Qxa4+ 83. Kb2 Qb4+ 84. Kc2 Qc5+ 85. Kd2 Qxd5+ 86. Ke1 Qxh5 87. Qb3+ Kh7 88. Qd3+ g6 89. Qd7+ Kh6 90. Qd2+ Kh7 91. Qf4 (91. Qd6 $142 Qh4+ 92. Kd2 Qg5+ 93. Kc2 Kg7 94. Qd7+ Kh8 95. Qc6 Kg7 96. Bd3) 91... Qa5+ 92. Kf2 Qb6+ 93. Kg2 Qb2 94. Qh4+ Kg7 95. Qe7+ Kh6 96. f4 Qd2 97. Qe5 Kh7 98. Kh3 Qc1 99. Kh4 Qh1+ 100. Kg5 Qh6+ 101. Kg4 Qf8 102. Bd3 Qc8+ 103. Kg3 Qc6 104. Be4 Qb6 105. Kh4 Qd8+ 106. Kh3 Qc8+ 107. Kg3 Qa6 108. Kh4 Qb6 109. Kg5 (109. Bd5 $142 Qa7 110. Kg5 Qd7 111. Kf6 Qg7+ 112. Ke6 Qa7 113. Be4 Kg8 114. Kf6 (114. Bxg6 Qe7+ 115. Kf5 Qf8+ 116. Kg4 Qc8+ 117. f5 Qd8 $18) 114... Qg7+ 115. Kg5 Qxe5+ 116. fxe5) 109... Qg1+ 110. Kf6 Qb6+ 111. Kf7 Qa7+ 112. Qe7 Qxe7+ 113. Kxe7 Kg7 114. Ke6 1-0

[Event "73rd Greek Championship 2024"]
[Site "Thessaloniki"]
[Date "2024.12.04"]
[Round "3.2"]
[White "Kourkoulos-Arditis, Stamatis"]
[Black "Stamatiou, Rodolfos"]
[Result "1-0"]
[Annotator "TA"]
[ECO "A35"]
[WhiteElo "2575"]
[BlackElo "2308"]
[PlyCount "59"]
[EventDate "2024.12.02"]
[EventType "tourn"]
[EventCountry "GRE"]
[SourceTitle "playchess.com"]
[Source "ChessBase"]
[SourceQuality "1"]
[TimeControl "40/5400+30:1800+30"]

1. Nf3 c5 2. c4 Nc6 3. Nc3 g6 4. e3 Nf6 5. d4 cxd4 6. exd4 d5 7. cxd5 Nxd5 8. Qb3 e6 9. Bb5 Bg7 10. O-O O-O 11. Bxc6 bxc6 12. Re1 {[%emt 0:05:23] The position is equal.} Qb6 13. Qd1 Nxc3 $1 14. bxc3 Qa5 15. Qb3 Ba6 16. Ba3 Rfc8 17. Ne5 {[%emt 0:09:38][%cal Oe5f7] Hoping for Nxf7!} Qd5 18. c4 ({Better is} 18. Bc5 $14) 18... Qxd4 $11 19. Rad1 Qf4 (19... Qb6 $11 {keeps the balance.}) 20. Bd6 $16 {[%emt 0:14:10] Qa3 is the strong threat. White has more active pieces.} Rd8 {[%emt 0:00:00] [#]} (20... Bxe5 $16 21. Bxe5 Qf5) 21. g3 $1 $18 (21. Nxc6 $2 {loses.} Rxd6 22. Rxd6 Qxd6 $19) 21... Qg5 22. Nxc6 Rd7 (22... Re8 $142 23. c5 Rac8) 23. Nb8 Rb7 24. Qa4 Rbxb8 25. Bxb8 (25. Qxa6 Rb6 26. Qa4 Qg4 $11) 25... Rxb8 26. Qxa6 Qc5 27. Qd6 {[%emt 0:00:36] Prevents Bd4} Qc8 28. Rb1 (28. c5 Bf8 29. Qe5 Rb7 $11) 28... Rxb1 (28... Ra8 29. Qf4 (29. c5 Bf8 $18) 29... Bc3) 29. Rxb1 {[%emt 0:00:06] [#] And now Rb8 would win.} Bf8 30. Rb8 {[%emt 0:00:15] Weighted Error Value: White=0.08 (flawless) /Black=0.32.  Mistake:       	White=1     	Black=4      Inaccurate:     	White=1     	Black=2      OK:         	White=8     	Black=5      Best:        	White=2     	Black=2      Strong:       	White=1     	Black=1} 1-0

[Event "73rd Greek Championship 2024"]
[Site "Thessaloniki"]
[Date "2024.12.04"]
[Round "3.3"]
[White "Alexakis, Dimitris"]
[Black "Kalogridis, Antonios"]
[Result "1/2-1/2"]
[Annotator "TA"]
[ECO "C49"]
[WhiteElo "2520"]
[BlackElo "2333"]
[PlyCount "119"]
[EventDate "2024.12.02"]
[EventType "tourn"]
[EventCountry "GRE"]
[SourceTitle "playchess.com"]
[Source "ChessBase"]
[SourceQuality "1"]
[TimeControl "40/5400+30:1800+30"]

1. e4 e5 2. Nf3 Nf6 3. Nc3 Nc6 4. Bb5 Bb4 5. O-O O-O 6. d3 Bxc3 7. bxc3 d6 8. h3 Ne7 9. Ba4 {[%emt 0:18:22] C49: Four Knights: 4 Bb5 Bb4.} Ng6 10. Nh2 $146 ({Predecessor:} 10. Re1 h6 11. Bb3 Re8 12. a4 Nh7 13. a5 Nh4 14. Nxh4 Qxh4 15. Qf3 Be6 16. Ba4 Re7 {1-0 Hakobyan,A (2619)-Estrada Nieto,J (2195) Titled Tuesday intern op 30th Apr Late blitz 2024 (1)}) 10... c6 11. Bb3 d5 12. Qf3 Be6 13. Bg5 h6 $1 14. exd5 cxd5 15. Bxf6 gxf6 16. Ng4 Kg7 17. Ne3 Ne7 $1 18. Qg3+ Kh7 $1 19. f4 Rg8 20. Qf3 exf4 $1 21. Qxf4 Bxh3 (21... f5 $11) 22. Qh4 Be6 23. Rxf6 Rg6 $1 24. Raf1 Rxf6 25. Qxf6 b5 26. c4 (26. Kf2 {simplifies} Rc8 27. Ke2 Ng6 28. Qxd8 Rxd8 29. a4) 26... bxc4 27. dxc4 dxc4 (27... Qb6 $1 $11 {keeps the balance.} 28. Qf2 dxc4 29. Nxc4 Qxf2+ 30. Rxf2 Rd8) 28. Bxc4 $16 (28. Nxc4 Rc8 $14) 28... Qb6 29. Bd3+ (29. Bxe6 {simplifies} Qxe3+ 30. Kh1 Qxe6 31. Qxf7+ Qxf7 32. Rxf7+ Kg6 33. Rxe7 a5 34. Re6+) 29... Ng6 30. Rf3 Rg8 31. Kh1 Bxa2 $2 (31... Rg7 $16) 32. Qa1 $18 Be6 $2 (32... Qb1+ 33. Qxb1 Bxb1 34. Rxf7+ Kh8) 33. Ng4 $1 $18 Rb8 34. Nf6+ $2 (34. Bxg6+ $18 fxg6 35. Nf6+ Kh8 36. Rb3) 34... Kh8 $14 35. Nd7+ (35. c3 $5) 35... Qb2 36. Qxa7 Bxd7 37. Qxd7 Rb7 ({Don't blunder} 37... Ne5 $2 38. Qd6 (38. Qf5 Nxd3 39. Rxd3 Rb4 $11) 38... Qc1+ 39. Rf1 $18) 38. Qe8+ (38. Qd5 $1 $14 {is superior.} Kg7 39. c3 Qa1+ 40. Rf1) 38... Kg7 $11 39. Bc4 (39. Bxg6 {simplifies} fxg6 40. Qf8+ Kh7 41. Rf7+) 39... Ne5 40. Rg3+ Ng6 41. Bd5 Ra7 42. c3 Qc1+ 43. Kh2 Qf4 44. Qe3 Qxe3 45. Rxe3 Rc7 46. Kg1 Nf4 47. Bf3 Kf6 48. Kf2 Rc5 49. Re4 Nd3+ 50. Ke3 Rxc3 51. Kd4 Ra3 52. Re3 Nb4 $1 53. Rxa3 Nc2+ 54. Kc3 Nxa3 55. Be2 Kg5 56. Kb2 Kf4 57. Kxa3 Kg3 58. Bf3 h5 59. Bxh5 Kxg2 60. Bxf7 1/2-1/2

[Event "73rd Greek Championship 2024"]
[Site "Thessaloniki"]
[Date "2024.12.04"]
[Round "3.4"]
[White "Tsaknakis, Zisis"]
[Black "Hadzimanolis, Antonios"]
[Result "1/2-1/2"]
[Annotator "RC"]
[ECO "C77"]
[WhiteElo "2259"]
[BlackElo "2159"]
[PlyCount "108"]
[EventDate "2024.12.02"]
[EventType "tourn"]
[EventCountry "GRE"]
[SourceTitle "playchess.com"]
[Source "ChessBase"]
[SourceQuality "1"]
[TimeControl "40/5400+30:1800+30"]

1. e4 e5 2. Nf3 Nc6 3. Bb5 a6 4. Ba4 Nf6 5. O-O Be7 6. d3 b5 7. Bb3 O-O 8. Nc3 d6 9. a3 Nd4 10. Nxd4 exd4 11. Nd5 Nxd5 12. Bxd5 Rb8 13. a4 Be6 14. Bxe6 fxe6 15. Qg4 Qd7 16. b3 b4 17. Bb2 c5 18. Rae1 Rf6 19. Bc1 Rg6 20. Qh3 Rf8 21. f4 Rh6 22. Qf3 Rhf6 23. h4 R6f7 24. Qh3 Bd8 25. g4 g6 26. Re2 Qe7 27. Rh2 Kh8 28. g5 h5 29. gxh6 Rh7 30. f5 gxf5 31. Bg5 Qd7 32. exf5 exf5 33. Rhf2 Rg8 34. Rg2 Rf8 35. Bf4 Bf6 36. Rg6 Be5 37. Qg3 Re7 38. h7 Qe8 39. Bxe5+ Rxe5 40. Qg5 Re7 41. Rg8+ Rxg8 42. Qxg8+ Qxg8+ 43. hxg8=Q+ Kxg8 44. Rf2 f4 45. Rxf4 Re4 46. Rf5 Re1+ 47. Rf1 Re2 48. Rf2 Re1+ 49. Kg2 Kg7 50. Kf3 Kg6 51. Re2 Rf1+ 52. Rf2 Re1 53. Re2 Rf1+ 54. Rf2 Re1 1/2-1/2

[Event "73rd Greek Championship 2024"]
[Site "Thessaloniki"]
[Date "2024.12.04"]
[Round "3.5"]
[White "Alexiadis, Hristos"]
[Black "Kolytas, Spiridon"]
[Result "1-0"]
[Annotator "TA"]
[ECO "A05"]
[WhiteElo "2341"]
[BlackElo "1946"]
[PlyCount "87"]
[EventDate "2024.12.02"]
[EventType "tourn"]
[EventCountry "GRE"]
[SourceTitle "playchess.com"]
[Source "ChessBase"]
[SourceQuality "1"]
[TimeControl "40/5400+30:1800+30"]

1. Nf3 Nf6 2. g3 b5 3. Bg2 Bb7 4. O-O e6 5. b3 Be7 6. c4 a6 7. Re1 d6 8. Nc3 b4 9. Na4 Nbd7 (9... O-O $5) 10. d4 Be4 11. Bb2 O-O 12. Bh3 d5 13. cxd5 exd5 (13... Bxd5 $14 14. Rc1 Ne4) 14. Rc1 (14. Ne5 $18 {is more deadly.}) 14... Bxf3 $16 15. exf3 Re8 16. Qc2 Bd6 17. Qc6 Nf8 18. Nc5 Rxe1+ 19. Rxe1 Ra7 20. Bc1 {[%emt 0:18:59] White is much more active.} Qa8 21. Qa4 a5 22. Bg5 ({White should try} 22. Nd7 $16 {Threatens to win with Nxf6+.} Qd8 23. Ne5) 22... Bxc5 (22... c6 $14 {should be considered.}) 23. dxc5 Ra6 24. Bf1 Re6 25. Rc1 $36 {[%emt 0:02:16][%mdl 2048] White has strong initiative.} c6 {[%emt 0:01:59] [#]} (25... d4 $16) 26. Bd2 (26. a3 $1 $18 Re8 (26... bxa3 $2 27. b4 $18) 27. Bxf6 (27. axb4 axb4 28. Qxb4 Rb8 $18) 27... gxf6 28. axb4 axb4 29. Qxb4) 26... Re8 27. a3 Rb8 ({Better is} 27... Ne6) 28. Bf4 (28. axb4 $6 axb4 29. Qxa8 Rxa8 $11) 28... Rd8 29. axb4 axb4 30. Qxb4 Ne6 31. Be5 Qa2 32. Bd3 d4 33. Bc4 (33. Bxf6 $18 gxf6 34. Kg2) 33... Nd5 34. Qe1 (34. Qa4 $16 Qd2 35. Rf1) 34... Nxc5 $2 (34... Ng5 $11 35. Bxd5 (35. Bxd4 $2 {loses.} Nxf3+ 36. Kg2 Nxe1+ $19) (35. Qe2 Nc3 $11) 35... Rxd5) 35. b4 $18 (35. Bxd4 Ne6 $18) 35... Nb3 36. Rb1 Nd2 37. Bxa2 {[%emt 0:00:20] This pair of bishops is nice.} Nxf3+ 38. Kf1 Nxe1 39. Rxe1 ({Weaker is} 39. Kxe1 Re8 $16) 39... Nxb4 40. Bc4 Kf8 (40... h5 $142 41. Bc7 Rd7) 41. Bc7 Rd7 42. Bb6 {[%emt 0:00:06] White threatens Bc5+ and mate.} Nd5 43. Bc5+ Ne7 44. Ke2 1-0

[Event "73rd Greek Championship 2024"]
[Site "Thessaloniki"]
[Date "2024.12.05"]
[Round "4.1"]
[White "Patrelakis, Evaggelos"]
[Black "Kolytas, Spiridon"]
[Result "1-0"]
[Annotator "TA"]
[ECO "B12"]
[WhiteElo "2437"]
[BlackElo "1946"]
[PlyCount "103"]
[EventDate "2024.12.02"]
[EventType "tourn"]
[EventCountry "GRE"]
[SourceTitle "playchess.com"]
[Source "ChessBase"]
[SourceQuality "1"]
[TimeControl "40/5400+30:1800+30"]

1. e4 c6 2. d4 d5 3. e5 c5 4. Nf3 cxd4 5. Qxd4 Nc6 6. Qf4 e6 7. Nc3 Nb4 8. Bd3 Nxd3+ 9. cxd3 Ne7 10. h4 (10. Ng5 $5 Nf5 $8 11. g4 $11) 10... h5 11. Bd2 Ng6 12. Qg3 Bd7 13. O-O Be7 14. Bg5 Rc8 15. Rac1 Bxg5 16. Nxg5 Qb6 17. b3 Qb4 {[%emt 0:17:18] [#]} (17... O-O {simplifies} 18. Qf3 Qd4 19. Qxh5 Qxh4 20. Qxh4 Nxh4 21. g3 Ng6) 18. d4 $1 Qxd4 {[%emt 0:04:51] [#]} (18... O-O 19. Qd3) 19. Nb5 $1 Qxe5 20. Nd6+ {[%emt 0:07:40] Excellent horsemanship.} Ke7 21. Nxc8+ Rxc8 22. Rxc8 Bxc8 23. Rc1 Nf4 24. Kh2 $36 {[%emt 0:02:05][%mdl 3072] White has strong compensation. White has strong initiative.} Bd7 25. Nf3 Qf6 (25... Qd6 $16) 26. Rc7 $18 Ne2 {[%emt 0:04:49] [#]} 27. Qg5 $1 Qxg5 28. hxg5 {[%emt 0:00:16][%mdl 4096] Endgame KRN-KBN} b6 29. Rxa7 Kd6 30. Rb7 Kc6 (30... b5 $16 {keeps fighting.} 31. Ne5 Kxe5 32. Rxd7 b4) 31. Rb8 f6 {[%emt 0:00:25] Wards off Ne5+} 32. Rg8 fxg5 33. Rxg7 Kd6 {[%emt 0:00:27] Against Ne5} 34. Rxg5 (34. Nxg5 d4 35. Ne4+ Ke5) 34... d4 35. Rxh5 d3 36. Nd2 Bc6 37. Nc4+ Ke7 38. Re5 (38. Nxb6 $2 d2 39. Rh7+ Kd8 40. Rh8+ Be8 $19) 38... Bd5 {[%emt 0:00:21] Hoping for ...Bxc4.} 39. Nd2 ({Not} 39. Nxb6 Bxb3 40. axb3 d2 41. Nd5+ (41. Rxe2 d1=Q $15) 41... Kd6 $18) 39... Kf6 40. Re3 Nc1 41. f3 Kf5 42. Kg3 b5 43. a3 e5 44. Kf2 Bc6 45. Re1 Ne2 46. Ke3 Nf4 47. Rc1 Nxg2+ 48. Kf2 e4 49. Kxg2 (49. Rxc6 $2 {is the wrong capture.} e3+ 50. Kxg2 exd2 $19) 49... e3 50. Nf1 d2 51. Nxe3+ Kf4 52. Rxc6 1-0

[Event "73rd Greek Championship 2024"]
[Site "Thessaloniki"]
[Date "2024.12.05"]
[Round "4.2"]
[White "Hadzimanolis, Antonios"]
[Black "Alexiadis, Hristos"]
[Result "1/2-1/2"]
[Annotator "TA"]
[ECO "E63"]
[WhiteElo "2159"]
[BlackElo "2341"]
[PlyCount "93"]
[EventDate "2024.12.02"]
[EventType "tourn"]
[EventCountry "GRE"]
[SourceTitle "playchess.com"]
[Source "ChessBase"]
[SourceQuality "1"]
[TimeControl "40/5400+30:1800+30"]

1. Nf3 Nf6 2. g3 g6 3. Bg2 Bg7 4. O-O O-O 5. c4 d6 6. Nc3 a6 7. d4 Nc6 8. b3 Rb8 9. Bb2 b5 10. cxb5 axb5 11. Rc1 Bd7 12. d5 Na5 13. Nd4 b4 14. Na4 e5 15. dxe6 fxe6 16. Nc6 {[%emt 0:00:15] Against c5} Nxc6 17. Bxc6 Bxc6 18. Rxc6 e5 19. Qc2 Rf7 20. Kg2 Qd7 21. Bc1 (21. Qc4 $11 {remains equal.}) 21... Rbf8 ({Black should try} 21... e4 $17) 22. Bg5 (22. e4 $11) 22... Ng4 $1 $17 23. f3 {[%emt 0:01:36] [#]} e4 $1 24. Rc4 {[%emt 0:16:33] [#]} (24. Qxe4 Re8 25. Qc2 (25. Qxg4 $2 Rxe2+ 26. Kh3 Qxc6 $19) 25... Qxc6 (25... Rxe2+ 26. Qxe2 Qxc6 27. Rc1 $11) 26. Qxc6 Rxe2+ $19) 24... Qf5 (24... exf3+ 25. exf3 Ne5 26. Rf4 $15) (24... d5 $1 $17 25. Rxb4 Qf5) 25. Qxe4 $15 (25. fxg4 $2 Qxf1#) 25... Ne5 $1 26. Qxf5 Rxf5 27. Rxc7 (27. Rcc1 $15 Rxg5 28. f4) 27... Rxg5 $17 28. Rd1 Nf7 29. Rb7 {[%emt 0:00:51] Wards off Rb5} Re5 30. e4 Rc8 31. Rd2 {[%emt 0:00:48] Against Rc2} Bh6 32. Re2 Bc1 (32... d5 $17 {Threatens to win with ...dxe4.} 33. Rxb4 (33. Nb6 $2 Rd8 $19) 33... Bg7) 33. Rxb4 Ba3 34. Rb7 Rc1 35. f4 $1 Re8 36. Nb6 Bc5 (36... Nd8 $11 37. Rd7 Nc6) 37. Nd7 (37. Nd5 $16 {Threatens to win with Nf6+.} Kf8 38. Rc7) 37... Kg7 38. e5 ({Better is} 38. Nxc5 $14 Rxc5 39. Kf2) 38... dxe5 $11 39. Nxe5 Re7 40. Rxe7 Bxe7 41. Nxg6 hxg6 (41... Kxg6 42. Rxe7 Rc2+ 43. Kf3 Rxa2 44. Re2 $17) 42. Rxe7 {[%emt 0:00:05] KRN-KR} Rc2+ 43. Kf3 Rxa2 44. h4 Kf6 45. Rb7 $1 Nd6 46. Rb6 Ke7 47. g4 1/2-1/2

[Event "73rd Greek Championship 2024"]
[Site "Thessaloniki"]
[Date "2024.12.05"]
[Round "4.3"]
[White "Kalogridis, Antonios"]
[Black "Tsaknakis, Zisis"]
[Result "1-0"]
[Annotator "TA"]
[ECO "E20"]
[WhiteElo "2333"]
[BlackElo "2259"]
[PlyCount "95"]
[EventDate "2024.12.02"]
[EventType "tourn"]
[EventCountry "GRE"]
[SourceTitle "playchess.com"]
[Source "ChessBase"]
[SourceQuality "1"]
[TimeControl "40/5400+30:1800+30"]

1. d4 Nf6 2. c4 e6 3. Nc3 Bb4 4. g3 O-O 5. Bg2 d5 6. Nf3 dxc4 7. O-O Nc6 8. Qa4 Nd5 9. Qc2 Be7 10. Rd1 Rb8 11. e4 Ndb4 12. Qe2 Nd3 13. Be3 {[%emt 0:00:09] next b3 is good for White.} b5 14. d5 (14. b3 $1 $11) 14... exd5 $15 15. Nxd5 {[%emt 0:01:42] [#]} Bg4 $1 16. Qc2 Bf6 ({Black should play} 16... Ncb4 $15 17. Nxb4 Nxb4 (17... Bxb4 18. a3 $17)) 17. Rxd3 $1 $11 Bxf3 $1 18. Bxf3 Ne5 $1 19. Rdd1 (19. Nxf6+ Qxf6 20. Rd5 Nxf3+ 21. Kg2 Ne5 22. Bxa7 Rbd8 23. Rxb5 Rfe8 $17 (23... Qf3+ 24. Kg1 $17)) 19... Nxf3+ 20. Kg2 Ne5 (20... c6 $1 $11 {remains equal.}) 21. Bxa7 $16 {[%emt 0:00:44] White has more active pieces.} Ra8 22. Bc5 Nd3 23. Bxf8 $18 Kxf8 {[%emt 0:00:29] [#]} 24. Nb4 $1 Nxb4 $2 (24... Qd4 {keeps fighting.} 25. Nxd3 Qxe4+ 26. Kg1 cxd3 27. Rxd3 Bd4) (24... Qe8 25. Nxd3) 25. Rxd8+ Rxd8 26. Qe2 Nd3 27. Rb1 c5 28. f4 g5 29. e5 Bg7 30. e6 fxe6 31. Qxe6 gxf4 32. Qb6 Re8 33. Qxb5 Re2+ 34. Kh1 {[%emt 0:00:05] and gxf4 should not be overlooked} Nf2+ 35. Kg1 Nh3+ 36. Kf1 Rf2+ 37. Ke1 Bd4 38. Qb8+ ({Don't do} 38. Qxc4 f3 39. b4 Rxh2 40. bxc5 Re2+ $18) 38... Kg7 39. Qc7+ Kg6 40. Qc6+ Bf6 $2 (40... Kg5 41. Rd1 Rxh2) 41. Qe4+ Kg5 42. gxf4+ Rxf4 43. Qg2+ Rg4 44. Qxh3 Rg1+ 45. Ke2 Rxb1 46. Qe3+ (46. Qxh7 Rxb2+ 47. Kf3 Bd4 $18) 46... Kh5 47. Qf3+ Kg5 {[%emt 0:00:27] [#]} 48. h4+ $1 1-0

[Event "73rd Greek Championship 2024"]
[Site "Thessaloniki"]
[Date "2024.12.05"]
[Round "4.4"]
[White "Stamatiou, Rodolfos"]
[Black "Alexakis, Dimitris"]
[Result "0-1"]
[Annotator "TA"]
[ECO "A46"]
[WhiteElo "2308"]
[BlackElo "2520"]
[PlyCount "48"]
[EventDate "2024.12.02"]
[EventType "tourn"]
[EventCountry "GRE"]
[SourceTitle "playchess.com"]
[Source "ChessBase"]
[SourceQuality "1"]
[TimeControl "40/5400+30:1800+30"]

1. d4 Nf6 2. Nf3 c5 3. dxc5 e6 4. g3 Bxc5 5. Bg2 b5 6. O-O Bb7 7. b3 O-O 8. Bb2 {[%emt 0:05:05] The position is equal.} d5 9. c4 dxc4 10. bxc4 b4 11. Qxd8 Rxd8 12. Ne5 (12. a3 $15) 12... Ne4 (12... Bxg2 $17 13. Kxg2 Be7) 13. Nd3 Nd7 14. Rc1 Rab8 15. Kf1 (15. Bxe4 $15 Bxe4 16. Nd2 Bxd3 17. exd3) 15... Be7 $1 $17 {[%emt 0:08:41] Black is more active.} 16. f3 {[%emt 0:16:02] [#]} Nec5 17. Nxb4 Nb6 {[%emt 0:08:56] ...Nca4 would now be deadly.} 18. Rc2 $2 {[%emt 0:09:14] This costs White the game.} (18. Be5 $17 Rbc8 19. Na3) 18... Rd1+ $19 19. Kf2 Nca4 20. Nd3 {[%emt 0:02:38] [#]} Rxd3 21. exd3 {[%emt 0:00:59] Threatens to win with Nc3.} Nxb2 22. Ke2 ({Much weaker is} 22. Rxb2 Bf6) 22... Bf6 {[%emt 0:00:29] aiming for ...N2a4. A strong pair of Bishops.} 23. c5 $2 (23. Nc3 N2a4 24. Rac1 Nxc3+ (24... Bxc3 $2 25. Rxc3 Nxc3+ 26. Rxc3 $19) 25. Rxc3) 23... Nd5 24. Nd2 Ba6 {[%emt 0:00:13] Weighted Error Value: White=0.79/Black=0.09 (flawless) .  Loses game:     	White=1     	---        Mistake:       	White=3     	Black=1      Inaccurate:     	White=2     	---        OK:         	White=3     	Black=10     Best:        	---       	Black=1      Strong:       	---       	Black=1      Brilliant:      	---       	Black=1} 0-1

[Event "73rd Greek Championship 2024"]
[Site "Thessaloniki"]
[Date "2024.12.05"]
[Round "4.5"]
[White "Mitsis, Georgios"]
[Black "Kourkoulos-Arditis, Stamatis"]
[Result "0-1"]
[Annotator "TA"]
[ECO "E92"]
[WhiteElo "2383"]
[BlackElo "2575"]
[PlyCount "204"]
[EventDate "2024.12.02"]
[EventType "tourn"]
[EventCountry "GRE"]
[SourceTitle "playchess.com"]
[Source "ChessBase"]
[SourceQuality "1"]
[TimeControl "40/5400+30:1800+30"]

1. d4 Nf6 2. Nf3 g6 3. c4 Bg7 4. Nc3 d6 5. e4 O-O 6. Be2 e5 7. Be3 Ng4 8. Bg5 f6 9. Bh4 Nc6 10. d5 Ne7 11. Nd2 f5 12. Bxg4 fxg4 13. Bg5 {[%emt 0:00:10] E92: King's Indian: Classical: 6 Be2 e5: 7 dxe5, 7 Be3 and Petrosian System without 7...Nbd7.} h6 14. Be3 c5 15. a4 g5 $146 ({Predecessor:} 15... a5 16. Nb5 g5 17. Qc2 Ng6 18. g3 Nf4 19. Rg1 b6 20. Nb3 Nh3 21. Rf1 Rf7 {0-1 Bacallao Alonso,Y (2590)-Clarke,B (2486) POR-chT Sao Joao da Madeira 2023 (7.5)}) 16. a5 Ng6 17. O-O Nf4 18. b4 cxb4 19. Nb5 a6 20. Bb6 Qe7 21. Nc7 Rb8 22. c5 dxc5 23. Nc4 Bd7 24. Ne3 Rbc8 25. d6 Qf7 26. Rc1 Qg6 27. Rc4 Kh7 28. Bxc5 b3 29. Ba3 Rf7 30. Re1 Rcf8 31. Qxb3 Nxg2 32. Nxg2 Rxf2 33. Rc2 Qf6 34. Qb1 g3 35. hxg3 Qf3 36. Rxf2 Qxf2+ 37. Kh2 Rf3 38. Qb2 Qxg3+ 39. Kg1 Rxa3 40. Nd5 Rf3 41. Nde3 h5 42. Nf1 Qh3 43. Qxb7 Bb5 44. Qe7 g4 45. Nfe3 Qg3 46. Nd1 Rf8 47. Qg5 Qh3 48. Nf2 Qf3 49. Qxh5+ Kg8 50. Nxg4 Bd7 51. Nh6+ Bxh6 52. Qxh6 Qf2+ 53. Kh2 Rf6 54. Qh5 Kg7 55. Re2 Qd4 56. Qg5+ Kf7 57. Re3 Qxd6 58. Qh5+ Ke7 59. Qh4 Ke8 60. Qh8+ Rf8 61. Qh5+ Kd8 62. Qg5+ Kc8 63. Rc3+ Kb8 64. Qg7 Rc8 (64... Rf1 {looks sharper.} 65. Qg8+ Kb7 66. Rb3+ Ka7) 65. Rxc8+ Bxc8 (65... Kxc8 66. Qg5 $14) 66. Qg5 Bb7 67. Qe3 Qb4 68. Qg5 (68. Kg3 $1 $15) 68... Qxa5 $19 (68... Bxe4 69. Qxe5+ Kb7 70. Nf4 $11) ({Resist} 68... Qxe4 69. Qd8+ Bc8 70. Qd6+ Ka8 71. Qd8 $11) 69. Qe7 $2 (69. Qg8+ {was called for.} Ka7 70. Qc4) 69... Bxe4 $19 70. Qe8+ Ka7 71. Qd7+ (71. Qf7+ $142 Bb7 72. Qf2+ Qb6 73. Qd2) 71... Bb7 $19 72. Ne3 Qe1 73. Nf5 Qf2+ $2 (73... Qc3 74. Qd1 Qf3) 74. Kh3 $19 Qf3+ 75. Kh4 Qc6 76. Qe7 e4 77. Nd6 a5 78. Qe5 (78. Nxb7 $142 Qxb7 79. Qe5) 78... a4 (78... Qd5 $19 {has better winning chances.} 79. Qe7 Kb6) 79. Qd4+ (79. Qa5+ $17 {was necessary.} Ba6 80. Qd2) 79... Kb8 $2 ({Black should try} 79... Ka6 $19 {White must now prevent ...Qc2.} 80. Qb4 Ba8) 80. Qe5 {[%emt 0:00:14] [#]} (80. Qb4 $1 $11) 80... Ka7 (80... e3 $1 $17 81. Qxe3 Qxd6 82. Qe8+ Kc7 83. Qxa4 Qf6+ 84. Kg4 Qg7+ 85. Kf4 Qf6+ (85... Qh6+ 86. Kg3 $17) 86. Kg4 Qg7+ 87. Kh4 Qh6+ 88. Kg4 Qg6+ 89. Kh4 Qh6+ 90. Kg4 Qg7+) 81. Qd4+ $1 $19 Ka6 82. Qb4 Ba8 83. Nf5 $2 (83. Kg3) 83... Qb5 $19 84. Qd6+ Ka5 $2 (84... Qb6 $19 {( -> ...Qxd6)} 85. Qf8 Bc6) 85. Kg5 $2 (85. Qd2+ $11 {and White is okay.} Ka6 86. Qd6+ Qb6 87. Qf8) 85... Qd5 86. Qe7 (86. Qc7+ $142 Ka6 87. Qc3) 86... Bc6 $19 87. Kf4 Qd2+ 88. Ke5 Qd5+ 89. Kf4 $1 Qd2+ (89... Ka6 $142 90. Qa3 Qd2+ 91. Ne3 Kb5) 90. Ke5 $19 Kb6 91. Nd6 Qc3+ 92. Kf4 Qd2+ 93. Ke5 $1 Qc3+ 94. Kf4 a3 95. Qd8+ Ka6 (95... Kc5 $142 96. Nc8 a2 97. Qb6+ Kc4 (97... Kd5 $2 98. Qd8+ Kc5 99. Qb6+ Kc4 100. Qxc6+ Kb3 101. Qd5+ Kb2 102. Qb5+ Kc1 103. Qf1+ Kc2 104. Kxe4 $19) 98. Qxc6+ Kb3 99. Qb5+ Kc2 100. Qa4+ Kb2) 96. Qc8+ $19 Ka5 97. Qc7+ Ka4 98. Nxe4 Qc1+ 99. Ke5 Qb2+ 100. Kf4 Qh2+ 101. Ng3 Qd2+ 102. Kf5 Qd7+ 0-1